 Dungeon Crawl Stone Soup version 0.30-a0-367-g839099abd5 (webtiles) character file.

Game seed: 16748653221339683849

58 PlumEater the Trooper (level 3, -7/33 HPs)
             Began as a Minotaur Fighter on Nov 18, 2022.
             Killed from afar by a white imp (10 damage)
             ... with a puff of frost
             ... summoned by Natasha
             ... on level 2 of the Dungeon.
             The game lasted 00:02:28 (1333 turns).

PlumEater the Trooper (Minotaur Fighter)            Turns: 1333, Time: 00:02:28

Health: -7/33      AC:  8    Str: 21    XL:     3   Next: 75%
Magic:  2/2        EV:  9    Int:  9    God:
Gold:   87         SH:  4    Dex:  8    Spells: 2/2 levels left

rFire   x . .      SeeInvis .    a - +0 war axe
rCold   . . .      Faith    .    c - +0 buckler
rNeg    . . .      Spirit   .    b - +1 scale mail
rPois   .          Reflect  .    (helmet restricted)
rElec   .          Harm     .    (no cloak)
rCorr   .          Rampage  .    (no gloves)
Will    .....                    (no boots)
Stlth   ..........               h - amulet of the acrobat
HPRegen 1.05/turn                (no ring)
MPRegen 0.08/turn                (no ring)

@: slowed, very slow
A: horns 2, retaliatory headbutt, clever 1, regeneration 1, heat vulnerability
1, subdued magic 1, noise suppression
a: no special abilities


You were on level 2 of the Dungeon.
You visited 1 branch of the dungeon, and saw 2 of its levels.

You collected 87 gold pieces.

Inventory:

Hand Weapons
 a - a +0 war axe (weapon)
Armour
 b - a +1 scale mail (worn)
 c - a +0 buckler (worn)
Jewellery
 h - an amulet of the acrobat (around neck)
Scrolls
 e - 2 scrolls of teleportation
 f - a scroll of butterflies
 i - 2 scrolls of enchant armour
Potions
 d - a potion of might
 g - a potion of lignification {unknown}
 j - a potion of curing {unknown}


   Skills:
 + Level 4.2 Fighting
 + Level 3.0 Axes
 + Level 4.1 Armour
 + Level 1.3 Dodging
 + Level 4.1 Shields


You had 2 spell levels left.
You didn't know any spells.
Your spell library contained the following spells:

 Spells                   Type           Power      Damage    Failure   Level
 Freeze                   Ice            0%         1d3       77%         1
 Frozen Ramparts          Ice            0%         1d1       98%         3
 Hailstorm                Conj/Ice       0%         3d3       98%         3


Dungeon Overview and Level Annotations

Branches:
Dungeon (2/15)

Altars:

Shops:
D:2 (

Annotations:
D:2 Natasha


Innate Abilities, Weirdness & Mutations

You have a pair of horns on your head.
You reflexively headbutt those who attack you in melee.
Your mind is acute. (Int +4, Str/Dex -1)
Your natural rate of healing is unusually fast.
You are vulnerable to heat. (rF-)
Your spells are a little easier to cast, but a little less powerful.
You passively dampen the noise of your surroundings.


Message History

You hit the white imp but do no damage.
The white imp hits you but does no damage.
Natasha claws you. The white imp barely misses you. Natasha claws you.
The white imp hits you but does no damage.
You barely miss Natasha. You hit the endoplasm but do no damage.
You closely miss the white imp. Natasha barely misses you.
The endoplasm closely misses you.
The white imp hits you but does no damage.
Natasha claws you. The endoplasm freezes you.
You are frozen.
The white imp gestures at you. The puff of frost hits you!
You miss Natasha. You slash the endoplasm!
You kill the endoplasm!
You closely miss the white imp. Natasha claws you.
The white imp barely misses you. Natasha claws you but does no damage.
The white imp hits you. The white imp freezes you.
* * * LOW HITPOINT WARNING * * *
You slash Natasha!
Natasha is heavily wounded.
You hit the white imp but do no damage. Natasha claws you!
* * * LOW HITPOINT WARNING * * *
The white imp hits you but does no damage.
Natasha claws you but does no damage. You block the white imp's attack.
Unknown command.
You barely miss Natasha.
Natasha is heavily wounded.
You hit the white imp.
Natasha howls an incantation.
You feel troubled. Natasha claws you.
* * * LOW HITPOINT WARNING * * *
The white imp picks up a beetle and eats it.
The white imp barely misses you. Natasha casts a spell at you.
You feel as though you will be slow longer.
The white imp gestures at you. The puff of frost hits you!
You die...

#.# #.##..#.#..........#.#..
#.# #.##..##............##..
#.###....#...........^....#.
#...'.......................
#####..........#........####
#..........#.......##
#..........#.......#
#......'############
#######@# #....h5...# #
#.........# # #.........# #
#.........# # #.........# #
#.........# # #.........#
###### #.....


You could see Natasha and a white imp (summoned).

Vanquished Creatures
  An adder (D:2)
  A dart slug (D:1)
  4 ball pythons
  5 endoplasms
  6 goblins
  4 hobgoblins
  3 jackals (D:1)
  A quokka (D:1)
  4 bats (D:1)
  2 frilled lizards (D:1)
  5 kobolds
  7 rats
43 creatures vanquished.

Notes
Turn   | Place    | Note
-------+----------+-------------------------------------------
     0 | D:1      | PlumEater the Minotaur Fighter began the quest for the Orb.
     0 | D:1      | Reached XP level 1. HP: 19/19 MP: 0/0
   265 | D:1      | Reached XP level 2. HP: 27/27 MP: 1/1
   691 | D:1      | Reached skill level 1 in Dodging
   802 | D:1      | Gained mutation: Your mind is acute. (Int +4, Str/Dex -1)
                  | [potion of mutation]
   802 | D:1      | Gained mutation: You are partially covered in iridescent
                  | scales. (AC +2) [potion of mutation]
   802 | D:1      | Gained mutation: You expend magic power (3 MP) to
                  | strengthen your wands. [potion of mutation]
   802 | D:1      | Gained mutation: You passively dampen the noise of your
                  | surroundings. [potion of mutation]
   826 | D:1      | Reached XP level 3. HP: 33/33 MP: 2/2
   901 | D:2      | Lost mutation: You expend magic power (3 MP) to strengthen
                  | your wands. [potion of mutation]
   901 | D:2      | Lost mutation: You are partially covered in iridescent
                  | scales. (AC +2) [potion of mutation]
   901 | D:2      | Gained mutation: Your spells are a little easier to cast,
                  | but a little less powerful. [potion of mutation]
   901 | D:2      | Gained mutation: You are vulnerable to heat. (rF-) [potion
                  | of mutation]
   901 | D:2      | Gained mutation: Your natural rate of healing is unusually
                  | fast. [potion of mutation]
  1156 | D:2      | Found Winaom's Antique Weapon Shoppe.
  1324 | D:2      | Noticed Natasha
  1333 | D:2      | Killed from afar by a white imp

Illustrated notes

Levels and vault maps discovered:
D:1:      dpeg_arrival_central, layout_loops_corners
D:2:      layout_basic, serial_shops, nicolae_shop_competitors_out_of_business,
          minmay_misc_feat_secret_circle, uniq_natasha

Skill      XL: |  1  2  3 |
---------------+----------+-----
Dodging        | 1 |  1.3
Fighting       | 4 |  4.2
Armour         | 4 |  4.1
Shields        | 4 |  4.1
Axes           | 3 |  3.0

Action                   || total
-------------------------++-------
Melee: War axe           ||    58
       Headbutt          ||    15
  Use: Scroll            ||     5
       Potion            ||     2
Armor: Scale mail        ||    20
Dodge: Dodged            ||    36
Block: Buckler           ||    10

Table legend: (Time is in decaauts)
 A = Elapsed time spent in this place.
 B = Non-inter-level travel time spent in this place.
 C = Inter-level travel time spent in this place.
 D = Time resting spent in this place.
 E = Time spent auto-exploring this place.
 F = Levels seen in this place.
 G = Mean time per level.
                   A        B        C        D        E       F      G
               +--------+--------+--------+--------+--------+-----+--------+
         Total |   1358 |   1327 |     31 |      0 |   1098 |   2 |  679.0 |
       Dungeon |   1358 |   1327 |     31 |      0 |   1098 |   2 |  679.0 |
               +--------+--------+--------+--------+--------+-----+--------+

Top non-repeatable levels by time:
     D:1: 904 daAuts
     D:2: 453 daAuts
